 Dungeon Sprint DCSS version 0.28-a0-1213-g0243856f03 (webtiles) character file.

Game seed: 12017155530279582942

272 rocky1 the Insei (level 6, 0/51 HPs)
             Began as a Gnoll Transmuter on Dec 22, 2021.
             Was a High Priest of Sif Muna.
             Slain by a sea snake (17 damage)
             ... in the Dungeon (Sprint VII: "The Pits").
             The game lasted 00:03:36 (1185 turns).

rocky1 the Insei (Gnoll Transmuter)                 Turns: 1185, Time: 00:03:37

Health: 0/51       AC:  2    Str: 12    XL:     6   Next: 23%
Magic:  12/15      EV: 23    Int: 12    God:    Sif Muna [*****.]
Gold:   0          SH:  0    Dex: 17    Spells: 12/18 levels left

rFire   . . .      SeeInvis .     - Unarmed
rCold   . . .      Faith    .   (shield currently unavailable)
rNeg    . . .      Spirit   .   (armour currently unavailable)
rPois   x          Reflect  .   (helmet currently unavailable)
rElec   .          Harm     .   (cloak currently unavailable)
rCorr   .          Rampage  .   (gloves currently unavailable)
Will    .....      NoTele   +   (boots currently unavailable)
Stlth   +++.......              (no amulet)
HPRegen 0.17/turn               (no ring)
MPRegen 0.14/turn               (no ring)

@: spider-form
A: venomous fangs, tiny, (fangs 1), strong nose, distributed training
a: End Transformation, Renounce Religion, Channel Magic, Forget Spell, Divine
Exegesis


You were in the Dungeon.
You worshipped Sif Muna.
Sif Muna was extremely pleased with you.
You were a venomous arachnid creature.
You visited 1 branch

Inventory:

Hand Weapons
 l - a +4 long sword of flaming (melded)
Armour
 a - a +0 robe (melded)
 k - a +3 chain mail
Scrolls
 g - a scroll of blinking
 i - 5 scrolls of amnesia
 j - a scroll of summoning
Potions
 b - 6 potions of curing
 c - 5 potions of heal wounds
 d - a potion of haste
 e - 4 potions of magic
 f - 2 potions of berserk rage
 h - 2 potions of invisibility


   Skills:
 + Level 5.1 Fighting
 + Level 4.3 Short Blades
 + Level 4.3 Long Blades
 + Level 4.3 Axes
 + Level 4.3 Maces & Flails
 + Level 4.3 Polearms
 + Level 4.3 Staves
 + Level 4.3 Slings
 + Level 4.3 Bows
 + Level 4.3 Crossbows
 + Level 4.3 Throwing
 + Level 4.3 Armour
 + Level 6.3 Dodging
 + Level 4.3 Stealth
 + Level 4.3 Shields
 + Level 7.9 Unarmed Combat
 + Level 6.7 Spellcasting
 + Level 3.5 Conjurations
 + Level 3.5 Hexes
 + Level 3.5 Summonings
 + Level 3.5 Necromancy
 + Level 3.5 Translocations
 + Level 5.2 Transmutations
 + Level 3.5 Fire Magic
 + Level 3.5 Ice Magic
 + Level 3.5 Air Magic
 + Level 3.5 Earth Magic
 + Level 3.5 Poison Magic
 + Level 4.7 Invocations
 + Level 4.3 Evocations


You had 12 spell levels left.
You knew the following spells:

 Your Spells              Type           Power      Damage    Failure   Level
a - Beastly Appendage     Tmut           32%        N/A       8%          1
b - Wereblood             Tmut           16%        N/A       11%         2
c - Spider Form           Tmut/Pois      14%        N/A       22%         3

Your spell library contained the following spells:

 Spells                   Type           Power      Damage    Failure   Level
 Ice Form                 Ice/Tmut       14%        N/A       47%         4
 Summon Lightning Spire   Summ/Air       12%        N/A       58%         4
 Storm Form               Tmut/Air       7%         N/A       100%        7
 Maxwell's Capacitive Co  Air            6%         ∞         100%        8


Dungeon Overview and Level Annotations

Branches:
Dungeon (1/1)

Altars:
Ashenzari
Cheibriados
Dithmenos
Elyvilon
Fedhas
Gozag
Hepliaklqana
Kikubaaqudgha
Makhleb
Nemelex Xobeh
Okawaru
Qazlal
Ru
Sif Muna
Trog
Uskayaw
Vehumet
Wu Jian
Xom
Yredelemnul
Zin
The Shining One
Beogh
Jiyva
Lugonu


Innate Abilities, Weirdness & Mutations

You are a venomous arachnid creature.
You have poisonous fangs.
You are tiny and dextrous.
Your spellcasting is less reliable in this form.
Your armour is entirely melded.
You are incapable of wielding weapons or throwing items.
((You have very sharp teeth.))
Your uncanny sense of smell can sniff out nearby items.
Your experience applies equally to all skills.


Message History

You barely miss the crimson imp.
The crimson imp is heavily wounded.
The crimson imp hits you.
You hit the crimson imp.
The crimson imp is severely wounded.
The crimson imp misses you.
You slash the crimson imp!
You kill the crimson imp!
Sif Muna accepts your kill.
You see here a book of the Sky.
Sif Muna grants you a gift!
Your Fighting skill increases to level 5!
You pick up a book of the Sky and begin reading...
You add the spells Summon Lightning Spire, Storm Form and Maxwell's Capacitive Coupling to your library.
There is an open door, spattered with blood here.
There are no items here.
You open the door.
A sea snake comes into view.
The sea snake hisses angrily.
Casting: Wereblood (safe; 3% risk of failure)
Confirm with . or Enter, or press ? or * to list all spells.
Okay, then.
Casting: Wereblood (safe; 3% risk of failure)
Confirm with . or Enter, or press ? or * to list all spells.
You turn into a venomous arachnid creature.
Your +4 long sword of flaming melds into your body.
Your +0 robe melds into your body.
Your +4 long sword of flaming stops flaming.
The sea snake barely misses you. The sea snake bites you!!
You hit the sea snake.
The sea snake is poisoned.
The sea snake is lightly wounded.
The sea snake closely misses you.
You barely miss the sea snake.
The sea snake is lightly wounded.
The sea snake bites you!
You bite the sea snake!
The sea snake looks as sick as possible!
The sea snake is moderately wounded.
The sea snake bites you!
You die...

#.#........##.......#
#'###########.......#
#.......# #########
#.###...# #.#.....#
∆∆∆∆ #)#...#.#+# ∆
#.....#.#.+ ∆
#...###.#S# ∆
#.......'s# ∆
###########


You could see a sea snake (extremely poisoned).

Vanquished Creatures
  A scorpion (D)
  A crimson imp (D)
  2 quasits (D)
  2 orc priests (D)
  An orc wizard (D)
  A gnoll (D)
  An ufetubus (D)
  5 orcs (D)
  A bat (D)
  An endoplasm (D)
  A giant cockroach (D)
  A goblin (D)
  A kobold (D)
  A ball python (D)
  A ball python zombie (D)
  A rat (D)
22 creatures vanquished.

Notes
Turn   | Place    | Note
-------+----------+-------------------------------------------
     0 | D        | rocky1 the Gnoll Transmuter began the quest for the Orb.
     0 | D        | Reached XP level 1. HP: 17/17 MP: 6/6
    42 | D        | Found a bloodstained altar of Trog.
    42 | D        | Found a shimmering blue altar of Sif Muna.
    42 | D        | Found a viscous altar of Jiyva.
    42 | D        | Found a hazy altar of Hepliaklqana.
    42 | D        | Found an opulent altar of Gozag.
    43 | D        | Found a glowing golden altar of the Shining One.
    43 | D        | Found a glowing silver altar of Zin.
    43 | D        | Found a basalt altar of Yredelemnul.
    43 | D        | Found a shimmering altar of Xom.
    43 | D        | Found an ornate altar of the Wu Jian Council.
    43 | D        | Found a sacrificial altar of Ru.
    43 | D        | Found a stormy altar of Qazlal.
    43 | D        | Found an iron altar of Okawaru.
    43 | D        | Found a sparkling altar of Nemelex Xobeh.
    43 | D        | Found a burning altar of Makhleb.
    43 | D        | Found a blossoming altar of Fedhas.
    43 | D        | Found a white marble altar of Elyvilon.
    43 | D        | Found a shadowy altar of Dithmenos.
    43 | D        | Found a snail-covered altar of Cheibriados.
    45 | D        | Found a radiant altar of Vehumet.
    45 | D        | Found a corrupted altar of Lugonu.
    46 | D        | Found a hide-covered altar of Uskayaw.
    46 | D        | Found an ancient bone altar of Kikubaaqudgha.
    46 | D        | Found a broken altar of Ashenzari.
    48 | D        | Became a worshipper of Sif Muna the Loreminder
   192 | D        | Reached * piety under Sif Muna
   193 | D        | Reached skill level 1 in Short Blades
   193 | D        | Reached skill level 1 in Long Blades
   193 | D        | Reached skill level 1 in Axes
   193 | D        | Reached skill level 1 in Maces & Flails
   193 | D        | Reached skill level 1 in Polearms
   193 | D        | Reached skill level 1 in Staves
   193 | D        | Reached skill level 1 in Slings
   193 | D        | Reached skill level 1 in Bows
   193 | D        | Reached skill level 1 in Crossbows
   193 | D        | Reached skill level 1 in Throwing
   193 | D        | Reached skill level 1 in Armour
   193 | D        | Reached skill level 1 in Stealth
   193 | D        | Reached skill level 1 in Shields
   193 | D        | Reached skill level 5 in Spellcasting
   193 | D        | Reached skill level 1 in Invocations
   193 | D        | Reached skill level 1 in Evocations
   193 | D        | Reached XP level 2. HP: 21/23 MP: 6/8
   194 | D        | Reached skill level 1 in Conjurations
   194 | D        | Reached skill level 1 in Hexes
   194 | D        | Reached skill level 1 in Summonings
   194 | D        | Reached skill level 1 in Necromancy
   194 | D        | Reached skill level 1 in Translocations
   194 | D        | Reached skill level 1 in Fire Magic
   194 | D        | Reached skill level 1 in Ice Magic
   194 | D        | Reached skill level 1 in Air Magic
   194 | D        | Reached skill level 1 in Earth Magic
   194 | D        | Reached skill level 1 in Poison Magic
   197 | D        | Learned a level 2 spell: Wereblood
   252 | D        | Reached skill level 5 in Dodging
   252 | D        | Reached XP level 3. HP: 17/29 MP: 7/9
   252 | D        | Reached ** piety under Sif Muna
   758 | D        | Learned a level 3 spell: Spider Form
   767 | D        | Noticed a scorpion
   778 | D        | Killed a scorpion
   778 | D        | Reached *** piety under Sif Muna
   779 | D        | Reached skill level 7 in Unarmed Combat
   779 | D        | Reached XP level 4. HP: 30/37 MP: 8/11
   896 | D        | Reached XP level 5. HP: 38/42 MP: 13/13
   901 | D        | Reached **** piety under Sif Muna
   908 | D        | Reached skill level 5 in Transmutations
   909 | D        | Reached ***** piety under Sif Muna
   910 | D        | Reached XP level 6. HP: 24/50 MP: 12/15
  1176 | D        | Received a gift from Sif Muna
  1177 | D        | Reached skill level 5 in Fighting
  1181 | D        | Noticed a sea snake
  1185 | D        | Slain by a sea snake

Illustrated notes

Levels and vault maps discovered:
D:        pitsprint [storerooms_1, entrance_room_1, metal_vault_6, armoury_3,
          mini_pit_1, grid_room_1, main_hall_1, silver_pit, the_coven_3,
          the_vestibule_1, steel_vault_3, golden_pit, hallway_of_sentries,
          crystal_vault_2, iron_vault_1, final_vault]

Skill      XL: |  1  2  3  4  5  6 |
---------------+-------------------+-----
Short Blades   | 1 2 3 4 |  4.3
Long Blades    | 1 2 3 4 |  4.3
Axes           | 1 2 3 4 |  4.3
Maces & Flails | 1 2 3 4 |  4.3
Polearms       | 1 2 3 4 |  4.3
Staves         | 1 2 3 4 |  4.3
Slings         | 1 2 3 4 |  4.3
Bows           | 1 2 3 4 |  4.3
Crossbows      | 1 2 3 4 |  4.3
Throwing       | 1 2 3 4 |  4.3
Armour         | 1 2 3 4 |  4.3
Stealth        | 1 2 3 4 |  4.3
Shields        | 1 2 3 4 |  4.3
Spellcasting   | 5 6 |  6.7
Invocations    | 1 2 3 4 |  4.7
Evocations     | 1 2 3 4 |  4.3
Conjurations   | 1 2 3 |  3.5
Hexes          | 1 2 3 |  3.5
Summonings     | 1 2 3 |  3.5
Necromancy     | 1 2 3 |  3.5
Translocations | 1 2 3 |  3.5
Fire Magic     | 1 2 3 |  3.5
Ice Magic      | 1 2 3 |  3.5
Air Magic      | 1 2 3 |  3.5
Earth Magic    | 1 2 3 |  3.5
Poison Magic   | 1 2 3 |  3.5
Fighting       | 3 4 5 |  5.1
Dodging        | 5 6 |  6.3
Transmutations | 4 5 |  5.2
Unarmed Combat | 7 |  7.9

Action                   |  1- 3 |  4- 6 || total
-------------------------+-------+-------++-------
Melee: Unarmed           |    38 |     3 ||    41
       Kick              |     1 |     3 ||     4
       Headbutt          |     1 |     1 ||     2
       Bite              |     1 |       ||     1
       Long sword        |     3 |    31 ||    34
 Cast: Beastly Appendage |     4 |     1 ||     5
       Wereblood         |     1 |     1 ||     2
       Spider Form       |       |     1 ||     1
  Use: Potion            |     2 |       ||     2
 Stab: Sleeping          |       |     1 ||     1
Armor: Robe              |    16 |     9 ||    25
Dodge: Dodged            |    59 |    21 ||    80

Table legend: (Time is in decaauts)
 A = Elapsed time spent in this place.
 B = Non-inter-level travel time spent in this place.
 C = Inter-level travel time spent in this place.
 D = Time resting spent in this place.
 E = Time spent auto-exploring this place.
 F = Levels seen in this place.
 G = Mean time per level.
                   A        B        C        D        E       F      G
               +--------+--------+--------+--------+--------+-----+--------+
         Total |   1199 |   1191 |      8 |    914 |      0 |   1 | 1199.0 |
       Dungeon |   1199 |   1191 |      8 |    914 |      0 |   1 | 1199.0 |
               +--------+--------+--------+--------+--------+-----+--------+

Top non-repeatable levels by time:
       D: 1199 daAuts
